 Dungeon Crawl Stone Soup version 0.29-a0-82-g837932c90e (webtiles) character file.

Game seed: 2751920659464408566

252 HallandMoats the Skirmisher (level 6, -1/53 HPs)
             Began as a Ghoul Monk on Feb 5, 2022.
             Was a Believer of Okawaru.
             Slain by a lemure (6 damage)
             ... led by Pikel
             ... in the Ecumenical Temple.
             The game lasted 00:07:45 (4265 turns).

HallandMoats the Skirmisher (Ghoul Monk)            Turns: 4265, Time: 00:07:46

Health: -1/53      AC:  3    Str: 15    XL:     6   Next: 14%
Magic:  4/5        EV: 12    Int:  5    God:    Okawaru [**....]
Gold:   95         SH:  4    Dex: 13    Spells: 5/5 levels left

rFire   . . .      SeeInvis .   a - +0 spear
rCold   + . .      Faith    .   k - +0 buckler
rNeg    + + +      Spirit   .   o - +0 leather armour
rPois   ∞          Reflect  .   (no helmet)
rElec   .          Harm     .   (no cloak)
rCorr   .          Rampage  .   (no gloves)
Will    .....                   (no boots)
Stlth   ++........              (no amulet)
HPRegen 0.00/turn               (no ring)
MPRegen 0.09/turn               (no ring)

@: inhibited regen
A: claws 1, cold resistance 1, negative energy resistance 3, inhibited
regeneration, torment resistance 2
a: Renounce Religion, Heroism


You were in the Ecumenical Temple.
You worshipped Okawaru.
Okawaru was pleased with you.
You visited 2 branches of the dungeon, and saw 5 of its levels.

You collected 95 gold pieces.

Inventory:

Hand Weapons
 a - a +0 spear (weapon)
Armour
 k - a +0 buckler (worn)
 o - a +0 leather armour (worn)
Scrolls
 c - a scroll of noise {unknown}
 e - a scroll of amnesia {unknown}
 f - a scroll of fog {unknown}
 h - a scroll of blinking
 m - a scroll of teleportation
 n - a scroll of magic mapping
 p - a scroll of vulnerability {unknown}
Potions
 b - a potion of lignification {unknown}
 d - a potion of might {unknown}
 g - a potion of mutation {unknown}
 i - a potion of degeneration {unknown}
 j - 4 potions of curing {unknown}
 l - a potion of heal wounds {unknown}


   Skills:
 * Level 4.7 Fighting
 * Level 4.0 Polearms
 + Level 1.7 Armour
 + Level 3.4 Dodging
 - Level 2.3 Stealth
 + Level 1.3 Shields


You had 5 spell levels left.
You didn't know any spells.
Your spell library contained the following spells:

 Spells                   Type           Power      Damage    Failure   Level
 Poisonous Vapours        Pois/Air       0%         N/A       80%         2
 Conjure Flame            Conj/Fire      0%         6-21      95%         3
 Swiftness                Air            0%         N/A       95%         3


Dungeon Overview and Level Annotations

Branches:
Dungeon (4/15)             Temple (1/1) D:4

Altars:
Dithmenos
Fedhas
Makhleb
Okawaru
Sif Muna
Vehumet
Xom
Zin
Lugonu

Annotations:
D:4 Pikel


Innate Abilities, Weirdness & Mutations

You thrive by killing the living.
You are immune to poison.
You have sharp fingernails.
Your flesh is cold resistant. (rC+)
You are immune to negative energy. (rN+++)
You do not regenerate when monsters are visible.
You are immune to unholy pain and torment.


Message History

The lemure is moderately wounded.
The lemure hits you.
You hit the lemure.
The lemure is heavily wounded.
The lemure hits you but does no damage.
You closely miss the lemure.
The lemure is heavily wounded.
You block the lemure's attack.
You hit the lemure.
The lemure is severely wounded.
You hit the lemure.
The lemure is severely wounded.
The lemure hits you but does no damage.
You hit the lemure but do no damage.
The lemure is severely wounded.
You hit the lemure.
The lemure is severely wounded.
The lemure hits you.
* * * LOW HITPOINT WARNING * * *
You barely miss the lemure.
The lemure is severely wounded.
The lemure closely misses you.
You barely miss the lemure.
The lemure is severely wounded.
You feel like a meek peon again.
You hit the lemure.
The lemure is almost dead.
The lemure barely misses you.
You closely miss the lemure.
The lemure is almost dead.
The lemure hits you.
* * * LOW HITPOINT WARNING * * *
You hit the lemure but do no damage.
The lemure is almost dead.
The lemure hits you!
* * * LOW HITPOINT WARNING * * *
You barely miss the lemure.
The lemure is almost dead.
The lemure hits you.
You die...

##### ##§_.##
#.....# #@5⌠._#
#..≈..# ###_≈## ##
#.≈.#
##._####...####_.
#≈..≈............#
#_.⌠._....≈.._.⌠._
#.........#.≈....
#._.###...###._.#


You could see a lemure.

Vanquished Creatures
  A scorpion (D:4)
  A water moccasin skeleton (D:4)
  A hound skeleton (D:4)
  A howler monkey zombie (D:3)
  2 adders (D:2)
  An ufetubus (D:3)
  4 worms
  A dart slug (D:1)
  11 ball pythons
  12 bats
  10 endoplasms
  2 giant cockroaches (D:3)
  2 goblins
  5 hobgoblins
  7 jackals
  2 quokkas
  5 frilled lizards
  9 kobolds
  7 rats
84 creatures vanquished.

Notes
Turn   | Place    | Note
-------+----------+-------------------------------------------
     0 | D:1      | HallandMoats the Ghoul Monk began the quest for the Orb.
     0 | D:1      | Reached XP level 1. HP: 19/19 MP: 0/0
   285 | D:1      | Reached XP level 2. HP: 26/26 MP: 1/1
   664 | D:1      | You fall into a shaft and drop 1 floor!
   754 | D:1      | Reached XP level 3. HP: 26/33 MP: 2/2
  1641 | D:2      | HP: 1/33 [worm (1)]
  1970 | D:2      | Reached XP level 4. HP: 31/40 MP: 3/3
  2384 | D:2      | Reached skill level 1 in Armour
  2451 | D:3      | Found a faded altar of an unknown god.
  2521 | D:3      | Got the Grimoire of Fiery Air
  2715 | D:3      | Reached XP level 5. HP: 25/46 MP: 4/4
  3739 | D:4      | HP: 1/46 [water moccasin skeleton (3)]
  3741 | D:4      | Reached skill level 1 in Shields
  4062 | D:4      | Reached XP level 6. HP: 34/53 MP: 5/5
  4186 | D:4      | Noticed Pikel
  4208 | D:4      | Found a staircase to the Ecumenical Temple.
  4218 | Temple   | Entered the Ecumenical Temple
  4242 | Temple   | Became a worshipper of Warmaster Okawaru
  4242 | Temple   | Reached * piety under Okawaru
  4242 | Temple   | Reached ** piety under Okawaru
  4265 | Temple   | Slain by a lemure

Illustrated notes

Levels and vault maps discovered:
D:1:      dpeg_arrival_tiny_a, layout_basic
D:2:      layout_rooms, kennysheep_potato
D:3:      layout_basic, hellmonk_ecumenical_altar_dog_temple
D:4:      nicolae_cairo_tiling, layout_gridville, minmay_temple_entry_ruins,
          enter_ossuary_3, kennysheep_small_circle, uniq_pikel
Temple:   corrupted_temple

Skill      XL: |  1  2  3  4  5 |
---------------+----------------+-----
Polearms       | 3 4 |  4.0
Dodging        | 3 |  3.4
Armour         | 1 |  1.7
Fighting       | 4 |  4.7
Shields        | 1 |  1.3
Stealth        | |  2.3

Action                   |  1- 3 |  4- 6 || total
-------------------------+-------+-------++-------
Melee: Spear             |   194 |   225 ||   419
       Punch             |     1 |       ||     1
Invok: Heroism           |       |     1 ||     1
  Use: Scroll            |       |     3 ||     3
 Stab: Sleeping          |     9 |     5 ||    14
Armor: Robe              |    32 |     6 ||    38
       Leather armour    |       |    27 ||    27
Dodge: Dodged            |   107 |   122 ||   229
Block: Buckler           |    13 |    29 ||    42

Table legend: (Time is in decaauts)
 A = Elapsed time spent in this place.
 B = Non-inter-level travel time spent in this place.
 C = Inter-level travel time spent in this place.
 D = Time resting spent in this place.
 E = Time spent auto-exploring this place.
 F = Levels seen in this place.
 G = Mean time per level.
                   A        B        C        D        E       F      G
               +--------+--------+--------+--------+--------+-----+--------+
         Total |   4250 |   4174 |     76 |    864 |   2471 |   5 |  850.0 |
       Dungeon |   4209 |   4133 |     76 |    864 |   2471 |   4 | 1052.2 |
        Temple |     41 |     41 |      0 |      0 |      0 |   1 |   41.0 |
               +--------+--------+--------+--------+--------+-----+--------+

Top non-repeatable levels by time:
     D:1: 1599 daAuts
     D:3: 1228 daAuts
     D:2: 846 daAuts
     D:4: 533 daAuts
  Temple: 41 daAuts
